 Dungeon Crawl Stone Soup version 0.27-a0-1555-g0e7b3fb1d2 (webtiles) character file.

Game seed: 3751890750842354765

73919 robertstho the Eclecticist (level 15, -8/107 HPs)
             Began as a Djinni Fire Elementalist on July 14, 2021.
             Was an Initiate of Gozag.
             Killed from afar by Azrael (33 damage)
             ... with damnation
             ... on level 2 of the Orcish Mines.
             The game lasted 00:58:36 (32855 turns).

robertstho the Eclecticist (DjFE)                  Turns: 32855, Time: 00:58:38

Health: -8/107     AC: 19    Str: 13    XL:     15   Next: 92%
Gold:   3146       EV: 14    Int: 24    God:    Gozag SH:  5 Dex: 24

rFire    + + +     SeeInvis +   S - +9 trident "Utaj Ibio" {chaos, +Blink rPois rF++}
rCold    . . .     Faith    .   (no shield)
rNeg     . . .     Spirit   .   s - +9 ring mail "Pafis Tos" {rC+ Str-4 Dex+5}
rPois    ∞         Reflect  +   y - +0 hat "Aheisit" {Str+4}
rElec    .         Harm     .   m - +0 cloak
rCorr    +         Rampage  .   x - +1 pair of gloves {Str+3}
Will     +....                  (boots unavailable)
Stlth    +++.......             F - amulet of reflection
HPRegen  0.27/turn              b - ring of the Jumping Coward {Str+3 Dex+6 SInv}
MPRegen  0.00/turn              j - ring of resist corrosion

@: mighty, flying, very slightly contaminated, hasted, studying Crossbows,
invisible, very quick
A: sickness immunity, fire resistance 2, cold vulnerability 1, float, innate
caster, hp casting, extra vitality 1
a: Renounce Religion, Evoke Blink, Potion Petition, Call Merchant, Bribe Branch


You were on level 2 of the Orcish Mines.
You worshipped Gozag.
Gozag was most pleased with you.
You visited 4 branches of the dungeon, and saw 21 of its levels.
You visited the Abyss 1 time.
You also visited: Bailey and Gauntlet.

You collected 6138 gold pieces.
You spent 579 gold pieces at shops.
You paid 2413 gold pieces to Gozag.

Inventory:

Hand Weapons
 d - the +5 mace of Sosiorue {vamp, *Slow rElec rC+ Str+8}
   (You found it in a Gauntlet)

   It occasionally heals its wielder for a portion of the damage dealt when it
   wounds a living foe.
   Str:       It affects your strength (+8).
   rC:        It protects you from cold.
   rElec:     It insulates you from electricity.
   *Slow:     It may slow you when you take damage.
 t - a +2 trident of venom
 w - a +6 war axe
 J - a +3 glaive of venom
 S - the +9 trident "Utaj Ibio" (weapon) {chaos, +Blink rPois rF++}
   (You bought it in a shop on level 2 of the Orcish Mines)

   Each time it hits an enemy it has a different, random effect.
   rF:        It greatly protects you from fire.
   rPois:     It protects you from poison.
   +Blink:    It lets you blink.
Missiles
 u - a throwing net
 N - 4 boomerangs of dispersal
Armour
 m - a +0 cloak (worn)
 p - the +12 gold dragon scales "Fobi" {rPois rF+ rC+ rCorr}
   (You found it in a bailey)

   rF:        It protects you from fire.
   rC:        It protects you from cold.
   rPois:     It protects you from poison.
   rCorr:     It protects you from acid and corrosion.
 s - the +9 ring mail "Pafis Tos" (worn) {rC+ Str-4 Dex+5}
   (You found it on level 7 of the Dungeon)

   Str:       It affects your strength (-4).
   Dex:       It affects your dexterity (+5).
   rC:        It protects you from cold.
 v - a +1 robe of resistance
 x - a +1 pair of gloves of strength (worn)
 y - the +0 hat "Aheisit" (worn) {Str+4}
   (You found it in a Gauntlet)

   Str:       It affects your strength (+4).
Jewellery
 b - the ring of the Jumping Coward (left hand) {Str+3 Dex+6 SInv}
   (You found it on level 5 of the Lair of Beasts)

   [ring of dexterity]

   Str:       It affects your strength (+3).
   Dex:       It affects your dexterity (+6).
   SInv:      It lets you see invisible.
 e - a ring of ice
 g - an amulet of magic regeneration
 j - a ring of resist corrosion (right hand)
 k - an amulet of the acrobat
 o - a ring of willpower
 D - a ring of ice
 F - an amulet of reflection (around neck)
 L - a +6 ring of dexterity
 T - a ring of willpower
 X - an amulet of regeneration
Wands
 G - a wand of mindburst (24)
 K - a wand of iceblast (7)
 U - a wand of acid (26)
Scrolls
 c - 4 scrolls of blinking
 h - 5 scrolls of teleportation
 l - 2 scrolls of fear
 r - 4 scrolls of fog
 A - a scroll of enchant weapon
 B - 2 scrolls of immolation
 E - 2 scrolls of holy word
 I - 4 scrolls of enchant armour
 O - a scroll of vulnerability
 P - 2 scrolls of silence
 Q - 3 scrolls of identify
 V - 2 scrolls of magic mapping
Potions
 a - a potion of curing
 f - 2 potions of might
 i - a potion of berserk rage
 n - 2 potions of attraction
 q - 5 potions of brilliance
 z - 12 potions of ambrosia
 H - 8 potions of haste
 M - 2 potions of resistance
Miscellaneous
 C - a phantom mirror
 R - a lightning rod (4/4)


   Skills:
 * Level 9.9 Fighting
 + Level 0.7(2.7) Axes
 + Level 4.2(4.3) Polearms
 + Level 7.9 Armour
 + Level 5.4 Dodging
 + Level 5.1 Stealth
 + Level 0.2 Shields
 * Level 16.5 Spellcasting


You had 6 spell levels left.
You knew the following spells:

 Your Spells              Type           Power      Damage    Failure   Level
a - Foxfire               Conj/Fire      100%       2x1d9     0%          1
b - Conjure Flame         Conj/Fire      78%        6-21      1%          3
c - Inner Flame           Hex/Fire       78%        N/A       1%          3
d - Sticky Flame          Conj/Fire      78%        2d9       1%          4
e - Fireball              Conj/Fire      39%        3d16      1%          5
f - Summon Small Mammal   Summ           100%       N/A       0%          1
g - Poisonous Vapours     Pois/Air       100%       N/A       0%          2
h - Ozocubu's Armour      Ice            78%        N/A       1%          3
i - Stone Arrow           Conj/Erth      100%       3d13      1%          3
j - Metabolic Englaciati  Hex/Ice        39%        N/A       1%          5
k - Borgnjor's Vile Clut  Necr/Erth      39%        N/A       1%          5
l - Dispersal             Tloc           39%        N/A       1%          6
Your spell library was empty.

Dungeon Overview and Level Annotations

Branches:
Dungeon (12/15)            Temple (1/1) D:6            Lair (6/6) D:11
  Swamp (0/4) Lair:2        Snake (0/4) Lair:4        Slime (0/5) Lair:6
    Orc (2/2) D:10            Elf (0/3) Orc:2        Bailey (visited)
Gauntlet (visited)

Altars:
Ashenzari
Cheibriados
Dithmenos
Elyvilon
Fedhas
Gozag
Hepliaklqana
Kikubaaqudgha
Makhleb
Nemelex Xobeh
Okawaru
Qazlal
Ru
Sif Muna
Trog
Uskayaw
Vehumet
Wu Jian
Xom
Yredelemnul
Zin
The Shining One
Beogh
Jiyva

Shops:
D:4 ?   D:5 :   D:6 ?   D:11 =   Orc:2 ?:(:

Annotations:
D:4 1 runed translucent door, blackman's ghost, amateur HuWn
D:6 2 transporters, CowFu's ghost, novice OgHu
D:12 Frances
Orc:2 Azrael


Innate Abilities, Weirdness & Mutations

You are immune to sickness and miasma.
You are immune to poison.
Your flesh is very heat resistant. (rF++)
You are vulnerable to cold. (rC-)
You float through the air rather than walking.
You learn spells naturally, not from books.
Your magical power is your life essence.
You have superior vitality. (+4 HP)


Message History

Press: ? - help, Dir - move target, p - Azrael
As you read the scroll of blinking, it crumbles to dust.
The hell hound breathes flames at you. The blast of flame hits you. You resist.
* * * LOW HITPOINT WARNING * * *
As you read the scroll of teleportation, it crumbles to dust.
You feel strangely unstable.
Your surroundings seem slightly different.
You block the hell hound's attack. Azrael gestures at you.
The bolt of fire hits the hell hound.
The hell hound completely resists.
The bolt of fire hits the hell hound.
The hell hound completely resists.
The bolt of fire hits you. You resist.
* * * LOW HITPOINT WARNING * * *
The hell hound misses you.
You blink.
The hell hound breathes flames at you.
The blast of flame hits the fire elemental.
The fire elemental completely resists.
The blast of flame hits you but does no damage.
You resist.
Unknown command.
Okay, then. [a] - 176 gold - might and brilliance [b] - 270 gold - resistance [c] - 756 gold - haste, heal wounds, invisibility and might Purchase which effect?
You feel yourself speed up.
You feel much better.
You fade into invisibility!
You feel very mighty all of a sudden.
The hell hound bites you but does no damage.
You are very lightly contaminated with residual magic.
Casting: Stone Arrow (safe; 1% risk of failure)
Confirm with . or Enter, or press ? or * to list all spells.
The hell hound disappears!
The fire elemental blinks!
The hell hound disappears!
The fire elemental blinks!
* * * LOW HITPOINT WARNING * * *
Azrael gestures at you.
The sphere of damnation explodes!
The damnation engulfs you!!
You die...
Your body crumbles into a pile of gold.

##......##○.○.☼..##
#........#.☼°..☼..##
#........#.ER.°○...# #.
#........#...○E#...#..#
#..#........#....○........
#..#........#...hE.......#$
#......∩∩......°........##
.......∩∩.....§§..#......#
...#........#..@...<.##..# .
#........#.............
#........#§....#......### ##
#........#...E.#......#.## #.
#...)....#........#......# ...
##......##.......###..#.## # ....
#......##.......##....## ##
....###....###).............# ##.
.....###))###.............)####..


You could see Azrael, 4 fire elementals and a hell hound.

Vanquished Creatures
  A minotaur (Gauntlet)
  Josephine (Lair:4)
  2 fire dragons (Lair:6)
  4 hydras
  A boulder beetle (Lair:6)
  4 ogre magi (Orc:2)
  A catoblepas (Lair:3)
  An anaconda (Lair:6)
  19 two-headed ogres
  A tengu warrior (D:11)
  8 death yaks
  Sonja (Lair:6)
  2 lindwurms (Lair:6)
  A swamp dragon (Lair:6)
  3 wizards (Gauntlet)
  2 orc knights (Bailey)
  A cyclops (Orc:1)
  An oklob plant (Lair:6)
  12 elephants (Lair:5)
  6 black mambas
  A smoke demon (Gauntlet)
  A gargoyle (D:11)
  6 torpor snails (Lair:6)
  An unseen horror (D:10)
  12 cane toads
  8 komodo dragons
  6 rime drakes
  2 tyrant leeches (Lair:6)
  4 trolls
  A queen bee (Lair:5)
  3 meliai (Lair:5)
  7 hornets (Lair:6)
  13 blink frogs
  A dream sheep (Lair:6)
  A spriggan (Lair:6)
  2 wyverns
  37 yaks
  4 wraiths
  3 basilisks
  A steam dragon (Lair:6)
  2 acid dragons
  4 wargs
  4 nagas (Lair:4)
  23 water moccasins
  A hell hound (Orc:2)
  3 black bears
  A swamp drake (Lair:6)
  11 orc warriors
  An ice beast (D:8)
  22 ogres (Orc:2)
  2 necrophages (D:5)
  3 centaurs
  4 kobold brigands
  12 bullfrogs
  2 gnoll sergeants (D:9)
  2 scorpions
  31 killer bees
  12 wights
  3 centaur zombies
  2 crimson imps (Gauntlet)
  A human zombie (D:5)
  2 hounds
  12 orc priests
  A jelly (D:8)
  3 bullfrog zombies
  8 iguanas
  14 orc wizards
  A hound zombie (D:5)
  A mummy (D:5)
  2 howler monkey zombies
  11 gnolls
  9 adders
  5 shadow imps (Gauntlet)
  5 white imps
  3 adder skeletons (D:4)
  A worm (D:3)
  A dart slug (D:3)
  53 orcs
  4 endoplasms
  2 giant cockroaches (D:1)
  14 goblins
  6 hobgoblins
  27 kobolds
  A quokka (D:2)
  6 ball pythons
  10 bats
  3 frilled lizards
  8 rats
  3 bushes (Lair:6)
548 creatures vanquished.

Vanquished Creatures (collateral kills)
  A shadow imp (D:5)
  5 foxfires (D:3)
6 creatures vanquished.

Vanquished Creatures (others)
  789 foxfires
  31 fungi
  69 plants
  14 withered plants (Gauntlet)
903 creatures vanquished.

Grand Total: 1457 creatures vanquished

Notes
Turn   | Place    | Note
-------+----------+-------------------------------------------
     0 | D:1      | robertstho the Djinni Fire Elementalist began the quest for
                  | the Orb.
     0 | D:1      | Reached XP level 1. HP: 15/15 MP: 0/0
   250 | D:1      | Reached XP level 2. HP: 11/21 MP: 0/0
   997 | D:1      | Reached XP level 3. HP: 7/26 MP: 0/0
   997 | D:1      | Learned a level 1 spell: Summon Small Mammal
  1033 | D:1      | Reached skill level 3 in Spellcasting
  2240 | D:2      | Reached skill level 1 in Fighting
  2932 | D:3      | Found a faded altar of an unknown god.
  2980 | D:3      | Reached XP level 4. HP: 30/32 MP: 0/0
  3498 | D:3      | Reached XP level 5. HP: 32/37 MP: 0/0
  3498 | D:3      | Learned a level 2 spell: Poisonous Vapours
  4323 | D:4      | Noticed a black bear
  4329 | D:4      | Killed a black bear
  4330 | D:4      | Reached skill level 4 in Spellcasting
  4330 | D:4      | Reached XP level 6. HP: 37/43 MP: 0/0
  4579 | D:4      | Found Myug's Magic Scroll Emporium.
  4583 | D:4      | Bought a scroll of identify for 24 gold pieces
  4583 | D:4      | Bought a scroll of identify for 24 gold pieces
  4583 | D:4      | Bought a scroll of noise for 12 gold pieces
  4583 | D:4      | Bought a scroll of fear for 42 gold pieces
  4613 | D:4      | Found a runed translucent door.
  4686 | D:4      | Found a stormy altar of Qazlal.
  4877 | D:4      | Noticed blackman's ghost (amateur HuWn)
  4903 | D:5      | Entered Level 5 of the Dungeon
  4965 | D:5      | Found Naraukh's Book Shop.
  5620 | D:5      | Reached XP level 7. HP: 46/49 MP: 0/0
  5620 | D:5      | Learned a level 3 spell: Ozocubu's Armour
  5655 | D:5      | Reached skill level 5 in Spellcasting
  6555 | D:5      | Reached XP level 8. HP: 41/55 MP: 0/0
  6655 | D:5      | Reached skill level 6 in Spellcasting
  7380 | D:6      | Noticed a queen bee
  7383 | D:6      | Found a transporter.
  7383 | D:6      | Found a transporter.
  7385 | D:6      | Noticed CowFu's ghost (novice OgHu)
  7770 | D:6      | Found a staircase to the Ecumenical Temple.
  7788 | Temple   | Entered the Ecumenical Temple
  7914 | D:6      | Found Otri's Magic Scroll Shoppe.
  7924 | D:6      | Bought a scroll of fog for 26 gold pieces
  7924 | D:6      | Bought a scroll of amnesia for 45 gold pieces
  7924 | D:6      | Bought a scroll of identify for 26 gold pieces
  8176 | D:6      | Found a shimmering altar of Xom.
  8178 | D:6      | Found a shimmering altar of Xom.
  8181 | D:6      | Found a shimmering altar of Xom.
  8184 | D:6      | Found a shimmering altar of Xom.
  8185 | D:6      | Found a shimmering altar of Xom.
  8486 | D:7      | Identified the +9 ring mail "Pafis Tos" {rC+ Str-4 Dex+5}
  8737 | D:7      | Reached skill level 7 in Spellcasting
  8749 | D:7      | Reached XP level 9. HP: 38/61 MP: 0/0
  8749 | D:7      | Learned a level 3 spell: Stone Arrow
  8759 | D:7      | Found a flagged portal.
  8778 | Bailey   | Entered a bailey
  9106 | Bailey   | Noticed an orc knight
  9112 | Bailey   | Killed an orc knight
  9113 | Bailey   | Reached skill level 8 in Spellcasting
  9301 | Bailey   | Identified the +12 gold dragon scales "Fobi" {rPois rF+ rC+
                  | rCorr}
  9318 | Bailey   | Noticed an orc knight
  9331 | Bailey   | Killed an orc knight
  9762 | D:7      | Reached XP level 10. HP: 56/68 MP: 0/0
  9985 | D:7      | Reached skill level 9 in Spellcasting
 10257 | D:8      | Noticed a two-headed ogre
 10275 | D:8      | Killed a two-headed ogre
 10637 | D:8      | Identified the +3 ring mail "Qisum" {rF+ Will+ Str-4
                  | Stlth+}
 10969 | D:8      | Found a bloodstained altar of Trog.
 10999 | D:8      | Reached skill level 10 in Spellcasting
 11582 | D:9      | Found an opulent altar of Gozag.
 11591 | D:9      | Became a worshipper of Gozag Ym Sagoz the Greedy
 11721 | D:9      | Reached skill level 1 in Armour
 12524 | D:9      | Found a hide-covered altar of Uskayaw.
 12902 | D:10     | Entered Level 10 of the Dungeon
 12903 | D:10     | Found a staircase to the Orcish Mines.
 13221 | D:9      | Reached skill level 5 in Fighting
 13223 | D:9      | Reached XP level 11. HP: 47/75 MP: 0/0
 13223 | D:9      | Learned a level 5 spell: Metabolic Englaciation
 13480 | D:10     | Noticed a two-headed ogre
 13502 | D:9      | Reached skill level 1 in Polearms
 14123 | D:10     | Reached skill level 11 in Spellcasting
 14245 | D:10     | Killed a two-headed ogre
 15113 | D:11     | Noticed a tengu warrior
 15122 | D:11     | Killed a tengu warrior
 15585 | D:11     | Found a staircase to the Lair.
 15604 | D:11     | Noticed a two-headed ogre
 15609 | D:11     | Killed a two-headed ogre
 15886 | D:11     | Noticed a two-headed ogre
 15890 | D:11     | Killed a two-headed ogre
 15891 | D:11     | Reached XP level 12. HP: 68/83 MP: 0/0
 16496 | D:12     | Noticed Frances
 16546 | Lair:1   | Entered Level 1 of the Lair of Beasts
 17539 | Lair:1   | Reached skill level 12 in Spellcasting
 17675 | Lair:1   | Found the +8 whip "Snakebite" {venom, curare, rPois}
 18061 | Lair:2   | Reached skill level 5 in Armour
 19265 | Lair:2   | Found a staircase to the Swamp.
 19677 | Lair:3   | Noticed a catoblepas
 19724 | Lair:3   | Killed a catoblepas
 20027 | Lair:4   | Noticed a death yak
 20029 | Lair:4   | Noticed a death yak
 20030 | Lair:4   | Noticed a death yak
 20030 | Lair:4   | Noticed a death yak
 20030 | Lair:4   | Noticed a death yak
 20047 | Lair:4   | Killed a death yak
 20048 | Lair:4   | Reached XP level 13. HP: 73/90 MP: 0/0
 20048 | Lair:4   | Learned a level 5 spell: Borgnjor's Vile Clutch
 20077 | Lair:4   | Reached skill level 13 in Spellcasting
 20115 | Lair:4   | Noticed Josephine
 20245 | Lair:4   | Noticed a six-headed hydra
 20249 | Lair:4   | Killed a six-headed hydra
 20724 | Lair:4   | Killed Josephine
 21135 | Lair:4   | Found a staircase to the Snake Pit.
 22913 | Lair:5   | Reached skill level 14 in Spellcasting
 23285 | Lair:5   | Reached XP level 14. HP: 78/98 MP: 0/0
 24071 | Lair:5   | Reached skill level 5 in Stealth
 24978 | Lair:5   | Identified the ring of the Jumping Coward {Str+3 Dex+6
                  | SInv}
 25189 | Lair:6   | Entered Level 6 of the Lair of Beasts
 25206 | Lair:6   | Noticed Sonja
 25225 | Lair:5   | Reached skill level 15 in Spellcasting
 25299 | Lair:6   | Found a gate leading to a gauntlet.
 25328 | Gauntlet | Entered a Gauntlet
 25328 | Gauntlet | Found a transporter.
 25639 | Gauntlet | Found a transporter.
 25654 | Gauntlet | Found a transporter.
 25659 | Gauntlet | Found a transporter.
 25681 | Gauntlet | Found a transporter.
 25696 | Gauntlet | Found a transporter.
 25701 | Gauntlet | Noticed a quicksilver ooze
 25708 | Gauntlet | Found a transporter.
 25720 | Gauntlet | Found a transporter.
 25732 | Gauntlet | Found a transporter.
 25744 | Gauntlet | Found a transporter.
 25761 | Gauntlet | Found a transporter.
 25779 | Gauntlet | Found a transporter.
 25781 | Gauntlet | Found a transporter.
 25806 | Gauntlet | Found a transporter.
 25808 | Gauntlet | Found a transporter.
 25830 | Gauntlet | Found a transporter.
 25910 | Gauntlet | Found a transporter.
 26042 | Gauntlet | Found a transporter.
 26060 | Gauntlet | Identified the +5 mace of Sosiorue {vamp, *Slow rElec rC+
                  | Str+8}
 26315 | Gauntlet | Cast into level 3 of the Abyss (a wizard)
 26323 | Gauntlet | Escaped the Abyss
 26371 | Gauntlet | Identified the +0 hat "Aheisit" {Str+4}
 26538 | Gauntlet | Identified the +6 morningstar "Conservator" {protect,
                  | Contam rC++ Will++}
 26538 | Gauntlet | Noticed a minotaur
 26544 | Gauntlet | Killed a minotaur
 26562 | Gauntlet | Identified the +3 leather armour of Life {Harm}
 26881 | Lair:6   | Killed Sonja
 27126 | Lair:6   | Found a viscous altar of Jiyva.
 27128 | Lair:6   | Found a staircase to the Slime Pits.
 27256 | Lair:6   | Reached XP level 15. HP: 40/105 MP: 0/0
 27256 | Lair:6   | Learned a level 6 spell: Dispersal
 28263 | Lair:6   | Found a runed translucent door.
 28270 | Lair:6   | Reached skill level 5 in Dodging
 29912 | Orc:1    | Entered Level 1 of the Orcish Mines
 30437 | Orc:2    | Entered Level 2 of the Orcish Mines
 30449 | Orc:2    | Found a staircase to the Elven Halls.
 30872 | Orc:2    | Reached skill level 16 in Spellcasting
 32038 | Orc:2    | Paralysed by an ogre mage for 6 turns
 32739 | Orc:2    | Found Uruiko's Book Shop.
 32739 | Orc:2    | Found Lupp's Book Shoppe.
 32740 | Orc:2    | Found Ketitudu's Magic Scroll Emporium.
 32740 | Orc:2    | Found Nayxkarr's Antique Weapon Shop.
 32749 | Orc:2    | Bought a scroll of teleportation for 48 gold pieces
 32749 | Orc:2    | Bought a scroll of blinking for 120 gold pieces
 32750 | Orc:2    | Bought a steaming trident for 212 gold pieces
 32750 | Orc:2    | Identified the +9 trident "Utaj Ibio" {chaos, +Blink rPois
                  | rF++} (You bought it in a shop on level 2 of the Orcish
                  | Mines)
 32834 | Orc:2    | Noticed Azrael
 32855 | Orc:2    | Killed from afar by Azrael

Illustrated notes

Levels and vault maps discovered:
D:1:      dpeg_arrival_stone_temple_mockup, layout_loops_corners
D:2:      layout_loops_cross
D:3:      corexii_shack_village, layout_rooms,
          hellmonk_ecumenical_altar_crossroads, grunt_decor_mini_mirrors
D:4:      layout_cave_pools, lemuel_doored_altar, serial_shops, kennysheep_mini,
          ebering_ghost_reflecting_pool
D:5:      layout_cave_pods, lemuel_mausoleum_altar_kikubaaqudgha, serial_shops,
          nicolae_diamond_shop
D:6:      layout_basic, xom_redecorated, minmay_temple_entry_glass,
          gammafunk_ghost_hive, serial_shops,
          nicolae_shop_temple_entry_statues_fountains
D:7:      layout_basic, enter_bailey_4, ebering_dispersal_statue_hall,
          kennysheep_flooded_box
D:8:      layout_loops_ring, mainiacjoe_overflow_small_starburst
D:9:      layout_basic, mainiacjoe_overflow_brackets,
          mainiacjoe_overflow_24_doors
D:10:     layout_irregular_city, david_orc_3
D:11:     layout_gridville, lair_entry_dummy
D:12:     layout_rooms, uniq_frances
Temple:   kb_temple_of_zot
Lair:1:   minmay_guarded_unrand_snakebite, layout_regular_city
Lair:2:   layout_regular_city, swamp_mist
Lair:3:   layout_chaotic_city, chequers_serial_rivers_micro_e
Lair:4:   layout_roguey, minmay_snake_entry_guardpost_small, grunt_megastairs_2,
          uniq_josephine
Lair:5:   layout_roguey [special_room_bee], grunt_megastairs_3
Lair:6:   wormcave, layout_loops_ring, guppyfry_lair_end_dragon,
          dpeg_slime_entry_enclosed_altar, gauntlet_entry_generic,
          grunt_forest_large_clearing_hut, uniq_sonja
Orc:1:    nicolae_orc_accident_2, layout_diamond_mine, uniq_erica
Orc:2:    st_orc_ogre_mass, layout_caves, kennysheep_orc_chapel, uniq_azrael

Skill      XL: |  1  2  3  4  5  6  7  8  9 10 11 12 13 14 15 |
---------------+----------------------------------------------+-----
Spellcasting   | 3 4 5 7 8 10 11 12 14 15 16 | 16.5
Fighting       | 1 2 3 4 5 6 7 8 9 |  9.9
Stealth        | 2 3 4 5 |  5.1
Dodging        | 3 4 5 |  5.4
Armour         | 1 4 5 6 7 |  7.9
Polearms       | 2 3 4 |  4.2
Axes           | |  0.7
Shields        | |  0.2

Action                   |  1- 3 |  4- 6 |  7- 9 | 10-12 | 13-15 || total
-------------------------+-------+-------+-------+-------+-------++-------
Melee: Battleaxe         |    16 |    11 |       |       |       ||    27
       Spear             |       |       |     4 |       |       ||     4
       Trident           |       |       |       |    53 |     5 ||    58
       Glaive            |       |       |       |       |    21 ||    21
 Cast: Foxfire           |    98 |   140 |   156 |    97 |       ||   491
       Sticky Flame      |       |     3 |    18 |    46 |    53 ||   120
       Summon Small Mamm |       |     3 |       |       |       ||     3
       Fireball          |       |       |    13 |   146 |   334 ||   493
       Metabolic Englaci |       |       |       |     1 |     2 ||     3
       Borgnjor's Vile C |       |       |       |       |    33 ||    33
       Stone Arrow       |       |       |       |       |    22 ||    22
       Dispersal         |       |       |       |       |     3 ||     3
Invok: Call Merchant     |       |       |       |     1 |       ||     1
       Potion Petition   |       |       |       |       |     4 ||     4
 Abil: Evoke Blink       |       |       |       |       |     1 ||     1
Evoke: Wand              |       |       |       |       |     1 ||     1
  Use: Scroll            |     2 |     3 |     3 |    10 |    11 ||    29
       Potion            |       |     1 |       |     3 |     6 ||    10
 Stab: Sleeping          |     1 |       |     3 |     1 |       ||     5
       Distracted        |       |       |       |     1 |     1 ||     2
       Invisible         |       |       |       |       |     1 ||     1
Armor: Robe              |     4 |    11 |    12 |       |       ||    27
       Ring mail         |       |       |       |    77 |    60 ||   137
Dodge: Dodged            |    22 |    21 |    39 |    81 |    50 ||   213
Block: Other             |       |       |       |       |    12 ||    12
       Reflection        |       |       |       |       |     1 ||     1

Table legend: (Time is in decaauts)
 A = Elapsed time spent in this place.
 B = Non-inter-level travel time spent in this place.
 C = Inter-level travel time spent in this place.
 D = Time resting spent in this place.
 E = Time spent auto-exploring this place.
 F = Levels seen in this place.
 G = Mean time per level.
                   A        B        C        D        E       F      G
               +--------+--------+--------+--------+--------+-----+--------+
         Total |  32917 |  31918 |    999 |   4572 |  23610 |  24 | 1371.5 |
       Dungeon |  15593 |  14965 |    628 |    983 |  12184 |  12 | 1299.4 |
        Temple |    122 |    113 |      9 |      0 |    113 |   1 |  122.0 |
          Lair |  11868 |  11562 |    306 |   2021 |   8442 |   6 | 1978.0 |
  Orcish Mines |   2948 |   2892 |     56 |   1231 |   1274 |   2 | 1474.0 |
         Abyss |      7 |      7 |      0 |      0 |      0 |   1 |    7.0 |
        Bailey |    924 |    924 |      0 |    101 |    668 |   1 |  924.0 |
      Gauntlet |   1451 |   1451 |      0 |    236 |    929 |   1 | 1451.0 |
               +--------+--------+--------+--------+--------+-----+--------+

Top non-repeatable levels by time:
  Lair:4: 2783 daAuts
  Lair:6: 2769 daAuts
     D:5: 2473 daAuts
     D:9: 2220 daAuts
  Lair:5: 2051 daAuts
     D:1: 1887 daAuts
    D:11: 1801 daAuts
   Orc:1: 1765 daAuts
  Lair:1: 1506 daAuts
Gauntlet: 1451 daAuts
  Lair:2: 1410 daAuts
     D:8: 1371 daAuts
  Lair:3: 1347 daAuts
     D:3: 1286 daAuts
   Orc:2: 1182 daAuts
